 Dungeon Crawl Stone Soup version 0.30-a0-629-gd54f4be4f7 (webtiles) character file.

Game seed: 6129133416934060217

2 kae the Insei (level 1, -3/15 HPs)
             Began as a Demonspawn Transmuter on Jan 12, 2023.
             Slain by a gnoll
             ... wielding a +0 club
              (5 damage)
             ... on level 1 of the Dungeon.
             The game lasted 00:00:19 (77 turns).

kae the Insei (Demonspawn Transmuter)                 Turns: 77, Time: 00:00:20

Health: -3/15      AC:  0    Str: 10    XL:     1   Next: 33%
Magic:  2/3        EV: 12    Int: 14    God:
Gold:   24         SH:  0    Dex: 13    Spells: 3/4 levels left

rFire   . . .      SeeInvis .      - Unarmed
rCold   . . .      Faith    .    (no shield)
rNeg    . . .      Spirit   .    (no body armour)
rPois   .          Reflect  .    (helmet currently unavailable)
rElec   .          Harm     .    (no cloak)
rCorr   .          Rampage  .    (no gloves)
Will    .....                    (boots currently unavailable)
Stlth   +                        (no amulet)
HPRegen 0.22/turn                (no ring)
MPRegen 0.08/turn                (no ring)

@: appendages
A: horns 2, talons 2
a: End Transformation


You were on level 1 of the Dungeon.
You had temporarily grown beastly horns and talons.
You visited 1 branch of the dungeon, and saw 1 of its levels.

You collected 24 gold pieces.


Innate Abilities, Weirdness & Mutations

You have temporarily grown beastly horns and talons.


   Skills:
 - Level 1.0 Fighting
 - Level 1.7 Dodging
 + Level 2.7 Unarmed Combat
 + Level 2.0 Spellcasting
 * Level 1.9 Transmutations


You had 3 spell levels left.
You knew the following spells:

 Your Spells              Type           Power      Damage    Failure   Level
a - Beastly Appendage     Tmut           12%        N/A       11%         1

Your spell library contained the following spells:

 Spells                   Type           Power      Damage    Failure   Level
 Wereblood                Tmut           6%         N/A       16%         2
 Spider Form              Tmut/Pois      4%         N/A       43%         3
 Ice Form                 Ice/Tmut       4%         N/A       85%         4

Inventory:

Armour
 a - a +0 robe
 c - a +2 leather armour of fire resistance
   (You found it on level 1 of the Dungeon)
Potions
 b - a potion of lignification {!q}

Dungeon Overview and Level Annotations

Branches:
Dungeon (1/15) Zot: 5922

Altars:

#.... ###.#.. ..#.#.##
#.#.#.. #.#.#.#
####.#.#.#
#....#...#+#+###
#......†...#..<#
.......
#@.....#.#'#'###
....... #g.....#.##..#
.......###......#.#+###
g........'....>....
.....g.###...###..#
....... #...# #..#
.......###...# #..#
.......?.....# ..#
.............#


You could see a gnoll.


Message History

You are very lightly contaminated with residual magic.
Nothing appears to happen. 😎 MP[-1]
You lost 1 mp, and now have 2/3 mp.
Casting: Beastly Appendage (safe; 12% risk of failure)
Confirm with . or Enter, or press ? or * to list all spells.
You grow a pair of large bovine horns.
Your feet morph into talons.
The frilled lizard hisses angrily. 😎 MP[-1]
You lost 1 mp, and now have 1/3 mp.
You hit the rat.
You kill the rat!
You miss the frilled lizard. You barely miss the frilled lizard.
Your kick misses the frilled lizard. The frilled lizard misses you.
You hit the frilled lizard.
You kill the frilled lizard!
Your magical contamination has completely faded away.
No target in view!
No target in view!
Unknown command.
Key pressed, stopping explore.
Unknown command.
Your transformation is almost over.
Found a stone staircase leading down.
Things that are here:
a frilled lizard corpse; a rat corpse; 😎 MP[+1]
Your horns disappear.
Your talons disappear.
You see here a +2 leather armour of fire resistance.
As you open the door, it creaks loudly!
You hear a shout! x2
You now have 9 gold pieces.
You now have 24 gold pieces (gained 15).
A giant cockroach comes into view. 😎 MP[+1]
Your mp is fully restored (3).
Casting: Beastly Appendage (safe; 11% risk of failure)
Confirm with . or Enter, or press ? or * to list all spells.
You grow a pair of large bovine horns.
Your feet morph into talons.
A gnoll comes into view. It is wielding a +0 club. 😎 MP[-1]
You lost 1 mp, and now have 2/3 mp.
Your transformation is almost over.
You see here a scroll labelled TEOS AFIWOWN.
You closely miss the giant cockroach.
The giant cockroach bites you but does no damage.
The gnoll shouts!
You hit the giant cockroach.
Your horns disappear.
Your talons disappear.
The giant cockroach bites you. 😕 HP[-1] MP[+1]
You take 1 damage, and now have 14/15 hp.
Your mp is fully restored (3).
You barely miss the giant cockroach.
The giant cockroach completely misses you.
The gnoll throws a boomerang.
The boomerang closely misses you.
You hit the giant cockroach.
You kill the giant cockroach! 😎 HP[+1]
Your hp is fully restored (15).
You see here a +2 leather armour of fire resistance.
c - a +2 leather armour of fire resistance You start removing your armour.
You continue taking off your +0 robe. x2
The gnoll throws a boomerang.
Keep disrobing? [Y]es or [N]o only, please.
Keep disrobing? [Y]es or [N]o only, please.
Keep disrobing?
The boomerang closely misses you.
You continue taking off your +0 robe. x2
The gnoll barely misses you.
You finish taking off your +0 robe.
Unknown command.
Unknown command.
Casting: Beastly Appendage (safe; 11% risk of failure)
Confirm with . or Enter, or press ? or * to list all spells.
You grow a pair of large bovine horns.
Your feet morph into talons.
The gnoll completely misses you. The gnoll barely misses you. 😎 MP[-1]
You lost 1 mp, and now have 2/3 mp.
You hit the gnoll. The gnoll hits you with a +0 club!
Ouch! That really hurt!
* * * LOW HITPOINT WARNING * * *
😨 HP[-8]
You take 8 damage, and now have 7/15 hp.
MASSIVE DAMAGE!! (PAUSE)
You hit the gnoll. You claw the gnoll, but do no damage.
The gnoll hits you with a +0 club.
* * * LOW HITPOINT WARNING * * *
😱 HP[-6]
You take 6 damage, and now have 1/15 hp.
MASSIVE DAMAGE!! (PAUSE)
You barely miss the gnoll. The gnoll closely misses you.
Unknown command.
You closely miss the gnoll. You claw the gnoll, but do no damage.
You headbutt the gnoll. The gnoll misses you.
You closely miss the gnoll. Your kick misses the gnoll. You headbutt the gnoll.
The gnoll hits you with a +0 club.
You die...

Action                   || total
-------------------------++-------
Melee: Unarmed           ||    13
       Kick              ||     2
       Headbutt          ||     2
 Cast: Beastly Appendage ||     3
Armor: Robe              ||     1
Dodge: Dodged            ||     9

Levels and vault maps discovered:
D:1:      erik_arrival_triangle_small, layout_basic,
          shapermc_ecumenical_altar_rom_forum

Notes
Turn   | Place    | Note
-------+----------+-------------------------------------------
     0 | D:1      | kae the Demonspawn Transmuter began the quest for the Orb.
     0 | D:1      | Reached XP level 1. HP: 15/15 MP: 3/3
     0 | D:1      | magus.rc [v1.11.3]
    74 | D:1      | HP: 1/15 [gnoll/+0 club (6)]
    77 | D:1      | Slain by a gnoll

Vanquished Creatures
  A giant cockroach (D:1)
  A frilled lizard (D:1)
  A rat (D:1)
3 creatures vanquished.

Table legend:
 A = Non-vault XP
 B = Vault XP
 C = Vault XP percentage of total XP
 D = Non-vault monster count
 E = Vault monster count
 F = Vault count percentage of total count
                 A         B        C        D         E       F
            +---------+---------+-------+---------+---------+-------
      Total |       4 |       0 |   0.0 |       3 |       0 |   0.0
            +---------+---------+-------+---------+---------+-------
        D:1 |       4 |       0 |   0.0 |       3 |       0 |   0.0
            +---------+---------+-------+---------+---------+-------

Illustrated notes

Table legend:
 A = Kills in this place as a percentage of kills in entire the game.
 B = Kills by you in this place as a percentage of kills by you in the entire game.
 C = Kills by friends in this place as a percentage of kills by friends in the entire game.
 D = Other kills in this place as a percentage of other kills in the entire game.
 E = Experience gained in this place as a percentage of experience gained in the entire game.
 F = Experience gained in this place divided by the number of levels of this place that you have seen.
                   A       B       C       D       E      F
               +-------+-------+-------+-------+-------+----------------------
         Total | 100.0 | 100.0 |   N/A |   N/A | 100.0 |   4.0
       Dungeon | 100.0 | 100.0 |   N/A |   N/A | 100.0 |   4.0
               +-------+-------+-------+-------+-------+----------------------

Table legend: (Time is in decaauts)
 A = Elapsed time spent in this place.
 B = Non-inter-level travel time spent in this place.
 C = Inter-level travel time spent in this place.
 D = Time resting spent in this place.
 E = Time spent auto-exploring this place.
 F = Levels seen in this place.
 G = Mean time per level.
                   A        B        C        D        E       F      G
               +--------+--------+--------+--------+--------+-----+--------+
         Total |     76 |     76 |      0 |      0 |     34 |   1 |   76.0 |
       Dungeon |     76 |     76 |      0 |      0 |     34 |   1 |   76.0 |
               +--------+--------+--------+--------+--------+-----+--------+

Top non-repeatable levels by time:
     D:1: 76 daAuts
